 Dungeon Crawl Stone Soup version 0.16.1-29-g3e760ad (console) character file.

218847 ddosia the Warrior (level 18, -3/126 HPs)
             Began as a Gargoyle Fighter on June 9, 2015.
             Was the Champion of Ashenzari.
             Slain by an azure jelly (19 damage)
             ... on level 2 of the Pits of Slime.
             The game lasted 02:44:13 (34204 turns).

ddosia the Warrior (Gargoyle Fighter)              Turns: 34204, Time: 02:44:14

Health: -3/126     AC:  3    Str: 29    XL:     18   Next: 63%
Magic:  1/26       EV: 22    Int: 11    God:    Ashenzari [******]
Gold:   1820       SH: 22    Dex: 11    Spells: 0 memorised, 17 levels left

rFire  + + .     SeeInvis +     O - +4 eveningstar (protect) (curse)
rCold  + . .     Clarity  +     N - +0 scale mail {rF+} (curse)
rNeg   + . .     SustAb   .     s - +0 large shield (curse)
rPois  ∞         Gourm    .     m - +1 helmet (curse)
rElec  +         Spirit   .     j - +1 cloak (curse)
rCorr  .         Warding  .     D - +0 pair of gloves (curse)
rMut   +         Stasis   .     a - +1 pair of boots of the Present {rC+} (curse)
MR     +....                    k - amulet of resist mutation (curse)
Stlth  ..........               g - +3 ring of evasion (curse)
                                b - +3 ring of evasion (curse)

@: mighty, exhausted, corroded equipment, slowed, very slow, somewhat resistant
to hostile enchantments, extremely unstealthy
A: able to fly continuously, big wings, fire resistance 1, negative energy
resistance 1, electricity resistance, unbreathing, petrification resistance, rot
immunity, AC +13
a: Fly, Scrying, Transfer Knowledge, Renounce Religion
}: 2/15 runes: decaying, serpentine


You were on level 2 of the Pits of Slime.
You worshipped Ashenzari.
Ashenzari was exalted by your worship.
You were not hungry.

You visited 5 branches of the dungeon, and saw 30 of its levels.
You also visited: Volcano.

You collected 2196 gold pieces.
You spent 376 gold pieces at shops.

Inventory:

Hand weapons
 O - a cursed +4 eveningstar of protection (weapon)
Armour
 a - the cursed +1 pair of boots of the Present (worn) {rC+}
   (You bought it in a shop on level 8 of the Dungeon)

   It protects you from cold.
   It has a curse placed upon it.
 j - a cursed +1 cloak (worn)
 m - a cursed +1 helmet (worn)
 s - a cursed +0 large shield (worn)
 D - a cursed +0 pair of gloves (worn)
 N - a cursed +0 scale mail of fire resistance (worn)
 X - a steam dragon hide
Jewellery
 b - a cursed +3 ring of evasion (left hand)
 g - a cursed +3 ring of evasion (right hand)
 k - a cursed amulet of resist mutation (around neck)
 q - an uncursed ring of protection from magic
 F - an uncursed amulet of rage
Magical devices
 c - a wand of confusion (25)
 e - a wand of digging (15)
 r - a wand of paralysis (18)
 u - a wand of polymorph (13)
 w - a wand of frost (25)
 A - a wand of heal wounds (9)
 C - a wand of cold (9)
 J - a wand of paralysis (20)
 S - a wand of magic darts (21)
 V - a wand of draining (0)
 Y - a wand of fire (13)
Scrolls
 h - 5 scrolls of fog
 n - a scroll of fear
 o - 2 scrolls of blinking
 v - 5 scrolls of identify
 x - 4 scrolls of magic mapping
 B - 7 scrolls of teleportation
 L - a scroll of holy word
 Q - 2 scrolls of curse weapon
 T - 3 scrolls of remove curse
Potions
 d - a potion of agility
 f - a potion of magic
 i - 12 potions of curing
 l - a potion of heal wounds
 p - 3 potions of restore abilities
 t - 6 potions of haste
 z - a potion of resistance
 G - a potion of berserk rage
 I - 3 potions of brilliance
 M - 2 potions of cure mutation
 U - 4 potions of might
Books
 W - a book of Envenomations

   Spells                             Type                      Level
   a - Spider Form                    Transmutation/Poison         3
   b - Alistair's Intoxication        Transmutation/Poison         4
   c - Olgreb's Toxic Radiance        Poison                       4
   d - Poisonous Cloud                Conjuration/Poison/Air       6
Miscellaneous
 P - a lamp of fire
Comestibles
 H - a slice of pizza
 K - 6 royal jellies
 R - 5 bread rations


   Skills:
 * Level 18.4 Fighting
 * Level 16.9(20.7) Maces & Flails
 - Level 12.6(16.7) Armour
 + Level 10.9(15.1) Dodging
 * Level 14.5(17.1) Shields
 - Level 5.9(10.4) Evocations


You had 17 spell levels left.
You didn't know any spells.

Dungeon Overview and Level Annotations

Branches:
Dungeon (9/15)             Temple (0/1) D:6            Lair (8/8) D:9
  Swamp (5/5) Lair:6        Snake (5/5) Lair:3        Slime (3/6) Lair:8
    Orc (0/4) D:9

Altars:
Ashenzari
Cheibriados
Dithmenos
Fedhas
Gozag
Makhleb
Qazlal
Trog
Yredelemnul
Zin
Jiyva

Shops:
D:8 [


Innate Abilities, Weirdness & Mutations

You are resistant to torment.
You are immune to poison.
You can fly continuously.
Your stone body is very resilient (AC +13).
Your wings are large and strong.
You resist negative energy.
You are resistant to electric shocks.
You can survive without breathing.
You are immune to petrification.
You are immune to rotting.
Your flesh is heat resistant.


Message History

* * * LOW HITPOINT WARNING * * *
You block the slime creature's attack. The slime creature hits you.
* * * LOW HITPOINT WARNING * * *
You are too berserk!
You found an alarm trap!
You block the acid blob's attack. The eye of draining gazes at you.
You feel a strong urge to attack something.
The acid blob hits you!!
* * * LOW HITPOINT WARNING * * *
You are splashed with acid!
The acid burns!
* * * LOW HITPOINT WARNING * * *
Two slime creatures merge to form a large slime creature.
You are no longer berserk.
You are exhausted.
You feel yourself slow down.
Drink which item? (? for menu, Esc to quit)
You feel much better. The azure jelly hits you!
* * * LOW HITPOINT WARNING * * *
The azure jelly freezes you!! You resist.
You die...

** , *, * , , ,, * ,
,..., , * * ,,....# , * ,
,#...###.** * *
##....#.** * ,, * *
*...... * ,** * ##.... ,
,* ,,, , * * ##...^## ,,
, , * *##.#....# ., ,***
, , * *. ##....@..#....
*,*** * ,, *,
.#..#.#..JJ........ ,,**,
*,,,..........J.......**,
, ,, ,*
,,.#.....GJ......... *,
*, ,, ,,
##.....J.........*, , * *
,, * #............#.. , *
,,, , ............... , ,
* ,,,, ,#....#...._....,,
, * <,, *, .............,
* , ,,, ,, ..........., ,
* ,,, , , , ..#...... , ,
*


You could see an acid blob, an azure jelly, 2 large slime creatures, a slime
creature and an eye of draining.

Vanquished Creatures
  Vashnia (Snake:4)
  2 thorn hunters
  4 acid blobs
  Rupert (Snake:5)
  2 azure jellies
  Frances (Snake:5)
  7 greater nagas
  Aizul (Snake:5)
  The ghost of ddosia the Cleaver, a powerful HOFi of Ru (Lair:3)
  Snorg (Snake:3)
  A fire dragon (Lair:8)
  Fannar (Lair:6)
  21 hydras
  12 naga warriors
  2 ghost crabs
  10 alligators
  2 anacondas
  A catoblepas (Lair:8)
  15 death yaks
  6 shock serpents
  18 naga sharpshooters
  Nergalle (Lair:5)
  3 salamander mystics (Snake:5)
  3 spriggan druids (Swamp:5)
  9 swamp dragons
  6 naga ritualists
  5 sea snakes (Snake:5)
  2 shambling mangroves
  A lindwurm (Volcano)
  The ghost of ddosia the Covert, an experienced SpAs of Nemelex Xobeh (D:7)
  A shining eye (Slime:2)
  2 hornets
  2 manticores (Lair:8)
  A griffon (Lair:8)
  29 slime creatures
  4 elephants (Lair:8)
  9 mana vipers
  11 salamanders
  An eye of devastation (Slime:1)
  2 molten gargoyles (Volcano)
  The ghost of ddosia the Ruffian, an experienced VSMo (D:6)
  A gargoyle (Volcano)
  4 guardian serpents
  35 black mambas
  5 torpor snails
  A queen ant (Lair:5)
  18 spiny frogs
  9 komodo dragons
  4 fire drakes
  28 naga magi
  8 giant leeches
  A polar bear (Lair:7)
  A queen bee (D:8)
  A wandering mushroom (D:9)
  4 fire vortices (Volcano)
  A boulder beetle (D:9)
  9 bog bodies
  9 blink frogs
  3 baby alligators (Swamp:3)
  The ghost of ddosia the Skirmisher, an average GrFi (D:4)
  13 ravens
  10 basilisks
  2 shadows
  48 yaks
  A fire elemental (Volcano)
  A wyvern (Lair:8)
  2 hungry ghosts
  Eustachio (D:5)
  11 spriggans
  10 hippogriffs
  3 vampire mosquitoes (Swamp:5)
  3 mottled dragons (Lair:8)
  3 steam dragons (Lair:8)
  27 swamp worms
  12 insubstantial wisps
  16 wolves
  52 nagas
  29 water moccasins
  6 porcupines
  16 soldier ants (Lair:5)
  16 swamp drakes
  3 orc warriors
  7 wasps
  3 ice beasts
  A sky beast (D:8)
  4 phantoms
  17 crocodiles
  A necrophage (D:8)
  3 black bears
  2 ogres
  A boring beetle (Lair:7)
  6 centaurs
  Sigmund (D:3)
  Duvessa (D:8)
  19 giant frogs
  A spectral water moccasin (Swamp:4)
  A scorpion (D:9)
  10 wights (D:8)
  17 killer bees (D:8)
  11 jellies
  A goliath beetle (D:8)
  A quasit (D:6)
  3 electric eels
  Dowan (D:8)
  A spectral giant frog (Swamp:4)
  6 orc priests
  2 lava snakes (Lair:3)
  3 crimson imps
  A centaur zombie (D:6)
  10 hounds
  3 giant frog skeletons
  11 orc wizards
  2 centaur skeletons
  8 iguanas
  A spectral swamp drake (Swamp:4)
  38 worker ants
  2 hound zombies
  8 gnolls
  21 adders
  22 river rats
  3 shadow imps
  A giant mite (D:8)
  2 worms
  2 ufetubi (D:5)
  An adder zombie (D:8)
  An adder skeleton (D:5)
  6 giant geckos
  48 orcs
  A bat skeleton (D:7)
  A bat zombie (D:5)
  2 giant cockroaches
  14 goblins
  11 hobgoblins
  11 jackals
  21 kobolds
  13 quokkas
  17 bats
  10 giant newts
  15 rats
  4 fungi
  7 plants
1074 creatures vanquished.

Vanquished Creatures (collateral kills)
  2 mana vipers (Snake:3)
  A water moccasin (Snake:3)
  An iguana (Lair:5)
  A quokka (Lair:5)
5 creatures vanquished.

Vanquished Creatures (others)
  A naga warrior (Snake:5)
  A shock serpent (Snake:3)
  An alligator (Swamp:3)
  A spriggan druid (Swamp:5)
  A hornet (Swamp:3)
  A black mamba (Snake:3)
  A molten gargoyle (Volcano)
  A naga mage (Snake:5)
  A baby alligator (Swamp:3)
  A fire vortex (Volcano)
  A swamp drake (Swamp:5)
  A bush (Lair:8)
  6 fungi
  2 plants (Lair:8)
20 creatures vanquished.

Grand Total: 1099 creatures vanquished

Notes
Turn   | Place    | Note
--------------------------------------------------------------
     0 | D:1      | ddosia, the Gargoyle Fighter, began the quest for the Orb.
     0 | D:1      | Reached XP level 1. HP: 14/14 MP: 1/1
   179 | D:1      | Reached XP level 2. HP: 19/19 MP: 2/2
   729 | D:2      | Reached XP level 3. HP: 16/23 MP: 3/3
   774 | D:2      | Reached skill level 1 in Dodging
   893 | D:2      | Reached XP level 4. HP: 19/29 MP: 4/4
   923 | D:2      | Found a shattered altar of Ashenzari.
  1148 | D:2      | Became a worshipper of Ashenzari the Shackled
  1214 | D:3      | Reached skill level 4 in Fighting
  1419 | D:3      | Noticed Sigmund
  1430 | D:3      | Killed Sigmund
  1430 | D:3      | Reached XP level 5. HP: 11/34 MP: 5/5
  1889 | D:3      | Reached XP level 6. HP: 39/39 MP: 6/6
  2336 | D:4      | Reached skill level 5 in Fighting
  2383 | D:4      | Noticed ddosia's ghost (average GrFi)
  2412 | D:4      | Killed ddosia's ghost
  2412 | D:4      | Reached XP level 7. HP: 35/44 MP: 7/7
  2758 | D:5      | Entered Level 5 of the Dungeon
  3063 | D:5      | Reached skill level 6 in Fighting
  3235 | D:5      | Reached skill level 5 in Maces & Flails
  3235 | D:5      | Reached XP level 8. HP: 29/52 MP: 8/8
  3474 | D:5      | Noticed Eustachio
  3593 | D:5      | Killed Eustachio
  3593 | D:5      | Reached skill level 5 in Shields
  3822 | D:5      | Gained mutation: Your flesh is heat resistant. [potion of beneficial mutation]
  3900 | D:5      | Reached skill level 7 in Fighting
  3961 | D:5      | Found a blossoming altar of Fedhas.
  4041 | D:6      | Acquired Ashenzari's first power
  4073 | D:6      | Noticed ddosia's ghost (experienced VSMo)
  4106 | D:6      | Killed ddosia's ghost
  4106 | D:6      | Reached skill level 5 in Armour
  4207 | D:6      | Reached XP level 9. HP: 48/58 MP: 9/9
  4429 | D:6      | Reached skill level 8 in Fighting
  4476 | D:6      | Found a staircase to the Ecumenical Temple.
  4727 | D:6      | Identified the +8 spear of Objectivity {holy, rC- MR+ Int+3}
  5045 | D:7      | Noticed ddosia's ghost (experienced SpAs)
  5080 | D:7      | Killed ddosia's ghost
  5324 | D:7      | Acquired Ashenzari's second power
  5494 | D:8      | Reached skill level 9 in Fighting
  5540 | D:8      | Reached XP level 10. HP: 47/66 MP: 10/10
  5809 | D:8      | Noticed Duvessa
  5816 | D:8      | Noticed Dowan
  5903 | D:8      | Killed Duvessa
  5905 | D:8      | Killed Dowan
  5969 | D:8      | Found a bloodstained altar of Trog.
  6235 | D:8      | Reached skill level 10 in Fighting
  6547 | D:8      | Identified the +0 leather armour of Usal {MR- Int+10}
  6620 | D:8      | Found Cefiarea's Armour Shoppe.
  6639 | D:8      | Bought the +1 pair of boots of the Present {rC+} for 376 gold pieces
  7216 | D:9      | Found a staircase to the Lair.
  7295 | D:9      | Acquired Ashenzari's third power
  7315 | D:9      | Reached XP level 11. HP: 70/73 MP: 11/11
  7367 | D:9      | Reached skill level 5 in Dodging
  7370 | D:9      | Found a staircase to the Orcish Mines.
  7433 | D:9      | Identified the +5 quarterstaff of Emoohoch {crush, +Blink rPois rC- MR+ Int+6}
  7659 | D:9      | Found a stormy altar of Qazlal.
  7693 | D:9      | Found a shadowy altar of Dithmenos.
  7696 | D:9      | Found a glowing silver altar of Zin.
  7705 | D:9      | Found an opulent altar of Gozag.
  7713 | D:9      | Found a basalt altar of Yredelemnul.
  8003 | Lair:1   | Entered Level 1 of the Lair of Beasts
  8184 | Lair:1   | Noticed a five-headed hydra
  8185 | Lair:1   | Found a snail-covered altar of Cheibriados.
  8495 | Lair:1   | Killed a five-headed hydra
  8563 | Lair:1   | Identified a scroll of acquirement
  8691 | Lair:1   | Reached skill level 11 in Fighting
  9028 | Lair:2   | Acquired Ashenzari's fourth power
  9114 | Lair:2   | Reached skill level 10 in Maces & Flails
  9233 | Lair:2   | Reached skill level 1 in Evocations
  9877 | Lair:3   | Noticed an eight-headed hydra
  9885 | Lair:3   | Killed an eight-headed hydra
  9885 | Lair:3   | Reached XP level 12. HP: 78/80 MP: 16/18
  9966 | Lair:3   | Found a dark tunnel.
  9981 | Volcano  | Entered a volcano
 10211 | Volcano  | Reached skill level 5 in Evocations
 10725 | Volcano  | Reached skill level 12 in Fighting
 11055 | Lair:3   | Found a staircase to the Snake Pit.
 11092 | Lair:3   | Noticed ddosia's ghost (powerful HOFi)
 11113 | Lair:3   | Killed ddosia's ghost
 11771 | Snake:1  | Entered Level 1 of the Snake Pit
 11771 | Snake:1  | Noticed a shock serpent
 11964 | Snake:1  | Killed a shock serpent
 12426 | Snake:1  | Reached XP level 13. HP: 60/87 MP: 10/22
 13018 | Snake:1  | Reached skill level 13 in Fighting
 13200 | Snake:1  | Noticed an anaconda
 13209 | Snake:1  | Killed an anaconda
 14869 | Snake:3  | Gained mutation: Your wings are large and strong. [gargoyle growth]
 14869 | Snake:3  | Reached XP level 14. HP: 91/95 MP: 23/23
 14888 | Snake:3  | Noticed a greater naga
 14905 | Snake:3  | Reached skill level 14 in Fighting
 15048 | Snake:3  | Killed a greater naga
 15048 | Snake:3  | Reached skill level 10 in Shields
 15207 | Snake:3  | Noticed Snorg
 15224 | Snake:3  | Killed Snorg
 15851 | Snake:4  | Reached skill level 10 in Armour
 16768 | Snake:5  | Entered Level 5 of the Snake Pit
 16807 | Snake:5  | Noticed Rupert
 16834 | Snake:5  | Killed Rupert
 16991 | Snake:5  | Noticed Frances
 17019 | Snake:5  | Killed Frances
 17640 | Snake:5  | Noticed Aizul
 17665 | Snake:5  | Killed Aizul
 17665 | Snake:5  | Reached skill level 15 in Fighting
 17665 | Snake:5  | Reached XP level 15. HP: 65/103 MP: 24/24
 17685 | Snake:5  | Noticed a greater naga
 17686 | Snake:5  | Noticed Vashnia
 17924 | Snake:5  | Noticed a greater naga
 17929 | Snake:5  | Noticed a greater naga
 17945 | Snake:4  | Killed a greater naga
 18042 | Snake:4  | Killed a greater naga
 18235 | Snake:5  | Killed a greater naga
 18337 | Snake:4  | Killed Vashnia
 18712 | Snake:5  | Noticed a greater naga
 18835 | Snake:5  | Killed a greater naga
 19570 | Snake:5  | Reached skill level 16 in Fighting
 19828 | Snake:5  | Reached XP level 16. HP: 95/110 MP: 25/25
 19859 | Snake:5  | Noticed a greater naga
 19871 | Snake:5  | Killed a greater naga
 19928 | Snake:5  | Noticed a greater naga
 19937 | Snake:5  | Killed a greater naga
 20020 | Snake:5  | Got a serpentine rune of Zot
 21270 | Lair:5   | Found a labyrinth entrance.
 21711 | Lair:5   | Reached skill level 15 in Maces & Flails
 22000 | Lair:5   | Noticed Nergalle
 22008 | Lair:5   | Killed Nergalle
 22983 | Lair:6   | Noticed Fannar
 23007 | Lair:6   | Killed Fannar
 23565 | Lair:6   | Found a staircase to the Swamp.
 23572 | Swamp:1  | Entered Level 1 of the Swamp
 23596 | Swamp:1  | Reached skill level 17 in Fighting
 24817 | Swamp:2  | Reached XP level 17. HP: 117/117 MP: 25/25
 24852 | Swamp:2  | Reached skill level 10 in Dodging
 27191 | Swamp:4  | Noticed a spectral shard shrike
 27464 | Swamp:5  | Entered Level 5 of the Swamp
 28926 | Swamp:5  | Got a decaying rune of Zot
 29991 | Lair:7   | Reached skill level 18 in Fighting
 30052 | Lair:7   | Reached XP level 18. HP: 125/125 MP: 26/26
 30401 | Lair:8   | Entered Level 8 of the Lair of Beasts
 31099 | Lair:8   | Found a runed door.
 31099 | Lair:8   | Found a viscous altar of Jiyva.
 31100 | Lair:8   | Found a staircase to the Slime Pits.
 32295 | Slime:1  | Entered Level 1 of the Pits of Slime
 34187 | Slime:2  | Found a burning altar of Makhleb.
 34202 | Slime:2  | HP: 9/189 [acid (3)]
 34204 | Slime:2  | Slain by an azure jelly

Action                   |  1- 3 |  4- 6 |  7- 9 | 10-12 | 13-15 | 16-18 || total
-------------------------+-------+-------+-------+-------+-------+-------++-------
Melee: Flail             |   130 |   192 |   608 |   226 |       |       ||  1156
       Morningstar       |       |       |       |   258 |       |       ||   258
       Eveningstar       |       |       |       |   415 |  1256 |  2305 ||  3976
Invok: Scrying           |       |       |       |       |     1 |       ||     1
Evoke: Wand              |       |       |       |     4 |    14 |     2 ||    20
       Lamp of fire      |       |       |       |       |       |     1 ||     1
  Use: Scroll            |       |    21 |     6 |    16 |    12 |    10 ||    65
       Potion            |       |     1 |     1 |     4 |     7 |     7 ||    20
 Stab: Confused          |       |       |       |       |       |     5 ||     5
  Eat: Meat ration       |       |     1 |     1 |     2 |     1 |     2 ||     7
       Beef jerky        |       |       |     2 |     2 |     2 |       ||     6
       Fruit             |       |       |     5 |       |       |    22 ||    27
       Bread ration      |       |       |       |     3 |     3 |     4 ||    10
       Royal jelly       |       |       |       |       |     1 |     3 ||     4
